Map: Dusk Towers

Players

capac - Winner!

  • Race: Terran Terran
  • League: Gold

A.I. 1 (Elite)

  • Race: Protoss Protoss

VOD

Have the link to the VOD?

Description

Time

  • Played on: May 7, 2016, 3:41 p.m.
  • Length: 13:56
Show
View Real Time Build Order
Export as new Build Order

capac Terran - Winner!

Build Orders: Reaper Expand, MMM Bio 

Get SALT Encoding   

  12  0:01  SCV  
  13  0:13  SCV  
  14  0:18  Supply Depot  
  14  0:26  SCV  
  15  0:40  SCV  
  15  0:41  Barracks  
  16  0:45  Refinery  
  16  0:52  SCV  
  17  1:04  SCV  
  18  1:16  SCV  
  19  1:28  Orbital Command  
  19  1:30  Reaper  
  20  1:42  Command Center  
  20  1:53  Supply Depot  
  20  1:54  SCV  
  21  2:03  Marine  
  21  2:07  SCV  
  23  2:12  Factory  
  23  2:15  Refinery  
  23  2:20  SCV  
  24  2:30  Barracks Reactor  
  24  2:32  Barracks  
  24  2:34  SCV  
  25  2:46  SCV  
  26  2:54  Orbital Command  
  26  2:58  Factory Tech Lab  
  26  3:03  Engineering Bay  
  26  3:04  SCV  
  27  3:07  Marine  
  27  3:08  Marine  
  29  3:16  SCV  
  29  3:18  Siege Tank  
  33  3:22  SCV  
  33  3:25  Barracks Tech Lab  
  34  3:27  Marine x2  
  36  3:35  Supply Depot  
  36  3:40  Starport, SCV  
  37  3:41  SCV  
  37  3:44  Marine  
  39  3:49  Marine x2  
  41  3:56  SCV  
  41  3:57  Stimpack  
  41  4:02  Terran Infantry Weapons Level 1  
  42  4:06  Refinery, SCV  
  42  4:08  SCV  
  42  4:09  Marine x3  
  47  4:14  Supply Depot  
  47  4:22  Medivac  
  49  4:24  SCV x2  
  49  4:26  Marine  
  49  4:27  Marine x2  
  54  4:39  Supply Depot  
  54  4:42  Siege Tank  
  54  4:44  SCV x2  
  59  4:54  Refinery  
  59  4:56  SCV x2  
  61  5:00  Starport Reactor  
  61  5:02  Barracks  
  61  5:03  Supply Depot  
  61  5:04  Marine x3  
  64  5:08  SCV x2  
  66  5:20  SCV x2  
  68  5:24  Marine x3  
  71  5:28  Supply Depot  
  71  5:33  SCV x2  
  73  5:41  Marine  
  73  5:42  Marine  
  75  5:45  SCV x2  
  77  5:50  Medivac x2  
  77  5:51  Supply Depot  
  77  5:52  Barracks Reactor  
  81  5:58  Barracks  
  81  5:59  Supply Depot  
  81  6:02  Marine x3  
  84  6:05  Combat Shields  
  84  6:17  SCV x2  
  86  6:18  Supply Depot  
  86  6:24  Supply Depot  
  86  6:32  Command Center  
  86  6:36  Medivac  
  86  6:37  Medivac  
  90  6:40  Siege Tank  
  90  6:42  Marine x2  
  90  6:43  Marine  
  96  6:48  Barracks Reactor  
  96  6:50  Supply Depot  
  96  6:54  Terran Infantry Armor Level 1  
  96  7:05  Marine x5  
  101  7:11  Armory  
  101  7:12  SCV  
  101  7:13  SCV  
  101  7:14  Siege Tank  
  106  7:22  Liberator  
  106  7:23  Liberator  
  106  7:31  Supply Depot, Marine x5  
  106  7:32  Marine  
  106  7:33  Marauder  
  120  7:56  Marine x3  
  120  7:57  Marine x3  
  120  7:58  Marauder  
  128  8:01  Engineering Bay  
  128  8:03  Concussive Shells  
  128  8:06  SCV x2  
  128  8:10  Supply Depot  
  128  8:12  Terran Ship Weapons Level 1  
  130  8:14  Marine x2  
  130  8:15  Marine  
  134  8:22  Orbital Command  
  133  8:27  SCV x2  
  133  8:30  Siege Tank  
  138  8:34  Supply Depot  
  138  8:40  Missile Turret  
  138  8:46  Refinery  
  138  8:47  Refinery  
  138  8:52  Starport, SCV x2  
  138  8:54  Factory, SCV  
  141  8:59  Supply Depot  
  141  9:01  Supply Depot  
  141  9:03  Medivac x2  
  145  9:19  Liberator x2  
  145  9:29  Starport Reactor  
  145  9:32  Starport  
  145  9:33  Marine x6  
  145  9:34  Marauder  
  159  9:41  SCV x2  
  159  9:42  SCV  
  162  9:50  Liberator x2  
  162  9:56  Marauder  
  162  9:58  Barracks  
  164  10:01  Factory Tech Lab  
  164  10:03  Barracks  
  164  10:08  Liberator x2  
  164  10:10  Starport Reactor  
  164  10:12  Supply Depot  
  169  10:24  Siege Tank x2  
  181  10:36  Supply Depot  
  181  10:37  Terran Infantry Weapons Level 2  
  181  10:38  Terran Infantry Armor Level 2  
  162  11:14  Barracks Tech Lab  
  162  11:16  Barracks Reactor  
  162  11:31  Marine  
  162  11:32  Marine x5  
  167  11:33  Marauder  
  167  11:39  Command Center  
  170  11:41  Command Center  
  159  12:19  Marine  
  159  12:20  Marine x9  
  169  12:37  Marine  
  169  12:38  Marine x9  
  173  12:55  Marine  
  173  12:56  Marine x9  
  182  13:03  Orbital Command x2  
  182  13:13  Marine x5  
Show
View Real Time Build Order
Export as new Build Order

A.I. 1 (Elite) Protoss 

Build Orders: Zealot Archon, Colossus Rush 

Get SALT Encoding   

  12  0:01  Probe (Chrono Boost)  
  13  0:11  Probe (Chrono Boost)  
  14  0:20  Pylon  
  14  0:22  Probe (Chrono Boost)  
  15  0:38  Probe (Chrono Boost)  
  16  0:47  Assimilator  
  16  0:49  Probe (Chrono Boost), Gateway  
  17  0:59  Probe (Chrono Boost)  
  17  1:00  Pylon  
  18  1:10  Probe (Chrono Boost)  
  19  1:20  Probe (Chrono Boost)  
  20  1:31  Probe (Chrono Boost)  
  21  1:36  Zealot  
  21  1:39  Cybernetics Core  
  23  1:42  Probe (Chrono Boost)  
  25  1:54  Probe (Chrono Boost)  
  25  1:59  Nexus  
  25  2:05  Probe (Chrono Boost)  
  26  2:09  Warp Gate  
  27  2:16  Probe (Chrono Boost), Stalker  
  29  2:27  Pylon  
  29  2:28  Probe (Chrono Boost)  
  30  2:39  Probe (Chrono Boost)  
  30  2:40  Gateway  
  30  2:43  Assimilator  
  31  2:49  Adept  
  34  2:51  Probe (Chrono Boost)  
  34  2:59  Pylon  
  34  3:02  Probe (Chrono Boost)  
  35  3:11  Probe (Chrono Boost)  
  36  3:13  Probe (Chrono Boost)  
  36  3:14  Adept  
  39  3:23  Probe (Chrono Boost)  
  40  3:28  Robotics Facility  
  40  3:30  Adept  
  43  3:35  Probe (Chrono Boost)  
  43  3:36  Probe (Chrono Boost)  
  43  3:40  Adept  
  44  3:47  Probe x2 (Chrono Boost)  
  48  3:56  Adept  
  48  3:58  Probe (Chrono Boost)  
  48  3:59  Probe (Chrono Boost)  
  52  4:09  Probe (Chrono Boost)  
  54  4:10  Probe (Chrono Boost)  
  54  4:15  Adept  
  54  4:17  Pylon  
  56  4:19  Observer, Robotics Bay  
  56  4:20  Probe (Chrono Boost)  
  56  4:21  Probe (Chrono Boost)  
  59  4:32  Probe (Chrono Boost)  
  59  4:33  Robotics Facility  
  59  4:37  Pylon  
  60  4:41  Stalker  
  62  4:46  Pylon  
  62  4:47  Probe (Chrono Boost)  
  62  4:49  Probe (Chrono Boost)  
  62  4:50  Stalker  
  66  5:09  Gateway  
  66  5:17  Zealot  
  66  5:19  Pylon  
  66  5:20  Zealot  
  70  5:23  Colossus  
  70  5:33  Pylon  
  76  5:36  Zealot  
  76  5:39  Zealot  
  80  5:46  Probe x2 (Chrono Boost), Assimilator  
  82  5:51  Twilight Council  
  82  5:53  Forge  
  82  5:55  Assimilator  
  82  5:57  Stalker, Nexus  
  84  6:08  Probe (Chrono Boost)  
  84  6:09  Probe (Chrono Boost)  
  86  6:19  Probe (Chrono Boost)  
  86  6:20  Probe (Chrono Boost)  
  88  6:27  Pylon  
  88  6:29  Probe (Chrono Boost), Dark Shrine  
  88  6:31  Forge  
  89  6:37  Gateway  
  89  6:41  Sentry  
  89  6:46  Stalker  
  93  6:51  Stalker  
  95  7:01  Pylon  
  95  7:02  Stalker, Pylon  
  95  7:07  Stalker  
  99  7:10  Probe x3 (Chrono Boost)  
  99  7:12  Sentry  
  104  7:17  Assimilator  
  104  7:19  Protoss Ground Weapons Level 1  
  104  7:21  Probe (Chrono Boost)  
  104  7:22  Probe (Chrono Boost)  
  107  7:23  Probe (Chrono Boost), Assimilator  
  107  7:32  Probe (Chrono Boost)  
  107  7:33  Probe (Chrono Boost)  
  107  7:34  Probe (Chrono Boost)  
  107  7:36  Protoss Ground Armor Level 1  
  110  7:39  Photon Cannon  
  110  7:42  Pylon  
  110  7:43  Probe (Chrono Boost), Dark Templar x2  
  116  7:44  Pylon  
  116  7:45  Probe x2 (Chrono Boost)  
  116  7:50  Archon  
  117  7:51  Dark Templar  
  117  7:55  Probe (Chrono Boost), Nexus  
  117  7:56  Probe (Chrono Boost)  
  117  7:58  Probe (Chrono Boost)  
  122  8:00  Dark Templar  
  122  8:05  Archon  
  125  8:06  Probe (Chrono Boost)  
  125  8:08  Probe (Chrono Boost)  
  125  8:09  Probe (Chrono Boost)  
  127  8:14  Zealot  
  127  8:15  Zealot  
  127  8:18  Pylon  
  131  8:21  Dark Templar  
  131  8:24  Colossus  
  133  8:31  Dark Templar  
  133  8:33  Zealot x2  
  145  8:37  Archon  
  145  8:40  Pylon  
  145  8:51  Dark Templar  
  145  8:52  Colossus, Zealot  
  145  8:53  Dark Templar  
  151  8:58  Archon  
  157  9:04  Dark Templar  
  157  9:05  Pylon  
  159  9:12  Dark Templar  
  159  9:15  Warp Prism  
  161  9:18  Archon  
  161  9:19  Assimilator  
  161  9:20  Assimilator  
  161  9:21  Dark Templar  
  164  9:28  Dark Templar  
  166  9:34  Archon  
  166  9:36  Dark Templar  
  168  9:45  Observer  
  168  9:47  Dark Templar, Warp Prism  
  173  9:53  Archon, Dark Templar  
  173  9:56  Pylon  
  175  10:03  Dark Templar, Observer  
  178  10:19  Immortal  
  178  10:20  Immortal  
  178  10:27  Photon Cannon  
  186  10:28  Photon Cannon  
  186  10:31  Photon Cannon  
  186  10:34  Pylon  
  186  10:36  Pylon  
  186  10:42  Stalker  
  162  10:45  Stalker  
  162  10:46  Stalker  
  162  10:47  Zealot  
  136  10:54  Immortal  
  136  10:56  Photon Cannon  
  122  10:57  Observer  
  122  10:59  Photon Cannon  
  122  11:03  Stalker  
  129  11:04  Photon Cannon  
  129  11:05  Zealot  
  129  11:06  Zealot, Pylon  
  129  11:07  Stalker  
  135  11:12  Templar Archives  
  135  11:14  Colossus  
  135  11:18  Gateway  
  135  11:21  Extended Thermal Lance  
  135  11:23  Dark Templar  
  135  11:24  Photon Cannon, Nexus, Zealot  
  145  11:26  Zealot  
  145  11:28  Zealot, Protoss Ground Weapons Level 2  
  145  11:30  Archon  
  149  11:33  Photon Cannon  
  149  11:38  Photon Cannon  
  149  11:42  Sentry  
  149  11:44  Psionic Storm  
  149  11:45  Stalker  
  153  11:47  Stalker  
  153  11:53  Stalker  
  157  11:56  Immortal  
  147  12:04  High Templar  
  147  12:07  Stargate, Zealot  
  113  12:08  High Templar  
  113  12:12  Zealot  
  113  12:14  Zealot  
  87  12:27  Adept  
  78  12:32  High Templar  
  78  12:33  Adept  
  78  12:34  Stalker  
  84  12:39  Sentry  
  67  12:46  Zealot  
  50  12:52  Probe (Chrono Boost), Zealot  
  50  12:55  Probe (Chrono Boost)  
  50  12:56  Zealot  
  50  12:57  Probe (Chrono Boost)  
  42  13:02  High Templar x2  
  42  13:04  Adept  
  35  13:12  High Templar  
  36  13:15  Stalker  
  26  13:22  High Templar  
  21  13:36  Nexus  
  21  13:39  Zealot  
Tags
 
Add a new tag
Caveats
  • Supply blocks, unpowered buildings, or Contaminate may cause inaccurate times.
  • Supply counts are checked every 10 seconds.